AoeStats
← Kiritastrich

Arabia

503412534Analyzed
1v1 RM · 1mo ago on Aug 31, 2026· 28m 54s· 2 players
Game mode
Random Map
Map size
Tiny (2 player)
Population
200
Speed
Normal
Resources
Standard
Victory
Conquest
Starting age
Dark Age
Ending age
Imperial Age
RankedLock teamsTeams togetherTeam positionsShared explorationLock speedFull tech treeHidden civsTurbo modeCheats
Victory
Defeat
🇷🇺 Persians · Russia
1877
+14
🇪🇸 Aztecs · Spain
1839
-14
Brauer
6:51 Loom
8:58 Feudal Age
15:08 Fletching
17:13 Double-Bit Axe
17:23 Town Watch
21:18 Castle Age
19:19 Gold Mining
19:30 Horse Collar
21:10 Padded Archer Armor
21:21 Crossbowman
21:56 Bodkin Arrow
22:14 Bow Saw
26:41 Squires
27:57 Heavy Plow
29:38 Ballistics
Kiritastrich
5:36 Loom
5:44 Loom
9:16 Feudal Age
9:45 Double-Bit Axe
11:05 Horse Collar
15:05 Wheelbarrow
15:36 Fletching
15:48 Padded Archer Armor
17:24 Town Watch
21:25 Castle Age
19:46 Scale Barding Armor
20:16 Bloodlines
20:41 Forging
22:32 Chain Barding Armor
21:55 Elite Skirmisher
24:56 Husbandry
26:04 Bodkin Arrow
27:46 Leather Archer Armor
Connection lost

Rejoining the realm…

Still unreachable

The connection could not be restored.

Session expired

The server has moved on; the page needs a fresh start.